 Dungeon Crawl Stone Soup version 0.20.2-3-g29329e0561 (webtiles) character file.

8387 Alfie the Archer (level 11, 0/99 HPs)
             Began as a Minotaur Hunter on Aug 24, 2020.
             Slain by an unseen horror (2 damage)
             ... on level 10 of the Dungeon.
             The game lasted 00:30:38 (8720 turns).

Alfie the Archer (Minotaur Hunter)                  Turns: 8720, Time: 00:30:39

Health: 0/99       AC: 11    Str: 19    XL:     11   Next: 9%
Magic:  10/10      EV: 23    Int:  8    God:
Gold:   501        SH:  0    Dex: 22    Spells: 10/10 levels left

rFire    . . .     SeeInvis .   b - +2 short sword
rCold    . . .     Gourm    .   (no shield)
rNeg     . . .     Faith    +   p - +1 ring mail
rPois    .         Spirit   .   (helmet restricted)
rElec    .         Reflect  .   H - +0 cloak
rCorr    .         Harm     .   J - +0 pair of gloves
MR       .....                  D - +0 pair of boots
Stlth    +++.......             j - amulet of faith
Regen    0.3/turn               c - +5 ring of dexterity
MPRegen  0.2/turn               s - +4 ring of evasion

@: agile, hasted, very quick
A: retaliatory headbutt, horns 2
a: no special abilities


You were on level 10 of the Dungeon.
You were not hungry.

You visited 1 branch of the dungeon, and saw 10 of its levels.

You collected 501 gold pieces.

Inventory:

Hand Weapons
 a - a +2 shortbow
 b - a +2 short sword (weapon)
Missiles
 d - 101 arrows
 g - 10 tomahawks (quivered)
Armour
 p - a +1 ring mail (worn)
 D - a +0 pair of boots (worn)
 H - a +0 cloak (worn)
 J - a +0 pair of gloves (worn)
Jewellery
 c - a +5 ring of dexterity (left hand)
 j - an amulet of faith (around neck)
 s - a +4 ring of evasion (right hand)
 v - an uncursed ring of magical power {unknown}
 w - an uncursed amulet of the gourmand
 A - an uncursed amulet of harm {unknown}
Wands
 n - a wand of paralysis (1/24)
 t - a wand of disintegration (21/24)
 y - a wand of paralysis (11/24)
 C - a wand of enslavement (18/24)
 F - a wand of confusion (27/48)
 K - a wand of clouds (1/9)
Scrolls
 h - 7 scrolls of remove curse
 k - 3 scrolls of teleportation
 l - 3 scrolls of enchant armour
 x - a scroll of recharging
 E - a scroll of fog
 L - a scroll of amnesia
 N - a scroll of blinking
Potions
 f - a potion of flight
 o - a potion of brilliance
 z - a potion of might {unknown}
 G - a potion of mutation {unknown}
Books
 O - a book of the Warp

   Spells                             Type                      Level
   a - Gell's Gravitas                Translocation                3
   b - Portal Projectile              Hexes/Translocation          3
   c - Force Lance                    Conjuration/Translocation    4
   d - Dispersal                      Translocation                6
   e - Controlled Blink               Translocation                8
   f - Disjunction                    Translocation                8
Comestibles
 m - 4 meat rations
 q - 5 royal jellies
 u - 3 bread rations
 I - 6 fruits


   Skills:
 + Level 10.1 Fighting
 + Level 0.7 Short Blades
 + Level 14.7 Bows
 + Level 6.0 Armour
 + Level 4.3 Dodging
 + Level 2.0 Stealth


You had 10 spell levels left.
You didn't know any spells.

Dungeon Overview and Level Annotations

Branches:
Dungeon (10/15)            Temple (0/1) D:5             Orc (0/2) D:9
   Lair: D:8-11

Altars:
Ashenzari
Qazlal
Sif Muna

Shops:
D:8 (   D:9 }


Innate Abilities, Weirdness & Mutations

You reflexively headbutt those who attack you in melee.
You have a pair of horns on your head.


Message History

* * * LOW HITPOINT WARNING * * *
Something hits you but does no damage. Something closely misses you.
Something hits you but does no damage.
You are starting to lose your buoyancy.
Something hits you but does no damage. Something hits you.
* * * LOW HITPOINT WARNING * * *
Something hits you but does no damage. Something hits you but does no damage.
You barely miss something. Something completely misses you.
You float gracefully downwards.
Unknown command.
You hit something but do no damage. Something hits you!
* * * LOW HITPOINT WARNING * * *
You hit something. Something barely misses you.
Something hits you but does no damage. Something misses you.
Something hits you.
You die...

#........#....#...
#........'....#...
#........#....#...
#........######...
#.............#...
#......>......####
#.#####...........
#.# #.....#.....
#@# #...........
#.# #...........
#.# #...#...(...
#.# #...#.......
#.#####...#.......
#.................
##################


There were no monsters in sight!

Vanquished Creatures
  2 two-headed ogres
  Maurice (D:8)
  A gargoyle (D:10)
  The ghost of Alfie the Shooter, an amateur MiHu (D:4)
  A troll (D:7)
  2 hippogriffs (D:10)
  5 yaks (D:9)
  Eustachio (D:5)
  The ghost of Alfie the Shooter, an amateur MiHu (D:3)
  A hungry ghost (D:9)
  An ice beast (D:5)
  3 orc warriors
  A black bear (D:10)
  4 ogres
  4 phantoms
  5 centaurs
  A necrophage (D:9)
  3 bullfrogs
  Blork the orc (D:4)
  A gnoll sergeant (D:8)
  2 troll zombies (D:9)
  3 scorpions
  5 killer bees (D:10)
  3 wights (D:10)
  6 crimson imps
  2 quasits
  2 centaur zombies
  5 hounds
  5 jellies
  3 bullfrog skeletons
  4 orc priests
  2 gnoll shamans
  3 centaur skeletons
  5 orc wizards
  2 iguanas
  3 worker ants
  A killer bee zombie (D:7)
  4 ogre zombies (D:9)
  2 hound skeletons
  A howler monkey zombie (D:8)
  A worker ant zombie (D:8)
  19 gnolls
  A howler monkey skeleton (D:10)
  11 adders
  3 shadow imps
  2 oozes
  2 worms
  A dart slug (D:4)
  2 leopard geckos
  27 orcs
  A ball python (D:5)
  3 giant cockroaches
  4 goblins
  6 hobgoblins
  3 jackals (D:7)
  6 quokkas
  5 bats
  4 frilled lizards
  3 goblin skeletons (D:9)
  A goblin zombie (D:9)
  2 hobgoblin zombies (D:9)
  A jackal skeleton (D:8)
  2 kobolds (D:3)
  4 orc skeletons (D:9)
  9 orc zombies (D:9)
  A quokka zombie (D:5)
  7 rats
234 creatures vanquished.

Notes
Turn   | Place    | Note
-------+----------+-------------------------------------------
     0 | D:1      | Alfie the Minotaur Hunter began the quest for the Orb.
     0 | D:1      | Reached XP level 1. HP: 18/18 MP: 0/0
   569 | D:1      | Reached XP level 2. HP: 25/25 MP: 1/1
   946 | D:2      | Reached skill level 5 in Bows
  1256 | D:2      | Reached skill level 1 in Stealth
  1276 | D:2      | Reached XP level 3. HP: 23/30 MP: 2/2
  1540 | D:2      | Found a shattered altar of Ashenzari.
  1660 | D:2      | Found a shattered altar of Ashenzari.
  1663 | D:2      | Found a stormy altar of Qazlal.
  1666 | D:2      | Found a deep blue altar of Sif Muna.
  1861 | D:3      | Reached skill level 1 in Armour
  1895 | D:3      | Reached XP level 4. HP: 25/37 MP: 3/3
  1940 | D:3      | Noticed Alfie's ghost (amateur MiHu)
  1961 | D:3      | Killed Alfie's ghost
  1961 | D:3      | Reached skill level 6 in Bows
  1961 | D:3      | Reached XP level 5. HP: 26/45 MP: 4/4
  1961 | D:3      | Reached XP level 6. HP: 29/51 MP: 5/5
  2066 | D:3      | Reached skill level 7 in Bows
  2509 | D:4      | Noticed Alfie's ghost (amateur MiHu)
  2531 | D:4      | Killed Alfie's ghost
  2531 | D:4      | Reached skill level 8 in Bows
  2531 | D:4      | Reached XP level 7. HP: 34/57 MP: 6/6
  2866 | D:4      | Noticed Blork the orc
  2877 | D:4      | Killed Blork the orc
  2963 | D:5      | Entered Level 5 of the Dungeon
  2976 | D:5      | Found a staircase to the Ecumenical Temple.
  3071 | D:5      | Noticed Eustachio
  3089 | D:5      | Killed Eustachio
  3089 | D:5      | Reached skill level 9 in Bows
  3392 | D:5      | Reached XP level 8. HP: 21/67 MP: 7/7
  3864 | D:5      | Reached skill level 5 in Fighting
  3864 | D:5      | Reached skill level 10 in Bows
  4854 | D:7      | Reached skill level 11 in Bows
  4967 | D:7      | Reached XP level 9. HP: 75/75 MP: 8/8
  5081 | D:7      | Noticed a troll
  5095 | D:7      | Killed a troll
  5602 | D:8      | Noticed Maurice
  5614 | D:8      | Paralysed by Maurice for 7 turns
  5626 | D:8      | Paralysed by something for 5 turns
  5636 | D:8      | Paralysed by something for 7 turns
  5647 | D:8      | Paralysed by something for 2 turns
  5653 | D:8      | Killed Maurice
  5653 | D:8      | Reached skill level 12 in Bows
  5653 | D:8      | Reached skill level 5 in Armour
  6459 | D:8      | Found Uculloex's Weapon Emporium.
  6482 | D:9      | Found Cogiosucs's Gadget Boutique.
  6894 | D:9      | Found a staircase to the Orcish Mines.
  6936 | D:9      | Reached XP level 10. HP: 58/88 MP: 9/9
  6981 | D:9      | Reached skill level 13 in Bows
  7451 | D:9      | Noticed a two-headed ogre
  7457 | D:9      | Killed a two-headed ogre
  7647 | D:10     | Entered Level 10 of the Dungeon
  7693 | D:10     | Reached skill level 14 in Bows
  8028 | D:10     | Noticed a gargoyle
  8055 | D:10     | Killed a gargoyle
  8325 | D:10     | Reached XP level 11. HP: 99/99 MP: 10/10
  8424 | D:10     | Noticed a two-headed ogre
  8435 | D:10     | Killed a two-headed ogre
  8435 | D:10     | Reached skill level 10 in Fighting
  8715 | D:10     | HP: 2/99 [something (7)]
  8720 | D:10     | Slain by an unseen horror

Skill      XL: |  1  2  3  4  5  6  7  8  9 10 11 |
---------------+----------------------------------+-----
Bows           | 5 6 8 9 11 12 14 | 14.7
Stealth        | 1 2 |  2.0
Armour         | 1 2 3 4 5 6 |  6.0
Fighting       | 3 4 6 8 9 10 | 10.1
Dodging        | 3 4 |  4.3
Short Blades   | |  0.7

Action                   |  1- 3 |  4- 6 |  7- 9 | 10-12 || total
-------------------------+-------+-------+-------+-------++-------
Melee: Short sword       |    28 |       |     8 |    31 ||    67
       Headbutt          |     4 |       |     2 |     7 ||    13
 Fire: Shortbow          |    67 |   101 |   486 |   289 ||   943
  Use: Scroll            |     6 |     1 |    10 |     2 ||    19
       Potion            |       |     5 |       |     7 ||    12
  Eat: Royal jelly       |     1 |       |     1 |       ||     2
       Bread ration      |     1 |       |     2 |     1 ||     4
       Fruit             |       |       |     1 |       ||     1
       Chunk             |       |       |       |     2 ||     2
Armor: Ring mail         |     8 |     9 |    29 |    61 ||   107
Dodge: Dodged            |    31 |    25 |   119 |    93 ||   268
